 Dungeon Crawl Stone Soup version 0.16.0-17-g811c1d7 (console) character file.

373 mauris the Chopper (level 6, -3/33 HPs)
             Began as a Tengu Venom Mage on Mar 20, 2015.
             Slain by a goliath beetle (24 damage)
             ... on level 3 of the Dungeon.
             The game lasted 00:05:17 (2800 turns).

mauris the Chopper (Tengu Venom Mage)               Turns: 2800, Time: 00:05:17

Health: -3/33      AC:  8    Str:  8    XL:     6   Next: 72%
Magic:  12/12      EV:  3    Int: 15    God:
Gold:   154        SH:  0    Dex: 17    Spells: 1 memorised, 8 levels left

rFire  + . .     SeeInvis .     g - +0 hand axe
rCold  x . .     Clarity  .     f - +0 chain mail {8}
rNeg   . . .     SustAb   .     (no shield)
rPois  .         Gourm    .     (helmet restricted)
rElec  .         Spirit   .     (no cloak)
rCorr  .         Warding  .     (no gloves)
rMut   .         Stasis   .     (boots unavailable)
MR     .....                    (no amulet)
Stlth  ..........               (no ring)
                                u - ring of fire

@: not resistant to hostile enchantments, extremely unstealthy
A: able to fly, beak, talons 3
a: Fly


You were on level 3 of the Dungeon.
You were hungry.

You visited 1 branch of the dungeon, and saw 4 of its levels.

You collected 154 gold pieces.

Inventory:

Hand weapons
 g - a +0 hand axe (weapon)
Armour
 f - a +0 chain mail (worn) {8}
Jewellery
 u - a ring of fire (left hand)
Scrolls
 a - a scroll of noise {unknown}
 e - a scroll of blinking {unknown}
 i - a scroll of amnesia {unknown}
 j - a scroll of fog
 k - a scroll of fear {unknown}
 n - a scroll of enchant weapon {unknown}
 o - 4 scrolls of remove curse
 r - 2 scrolls of recharging {unknown}
 s - 2 scrolls of immolation {unknown}
 t - a scroll of identify {@r1}
Potions
 d - a potion of curing {@q1}
 m - a potion of brilliance
 q - a potion of lignification {!q}
 v - a potion of resistance
 w - a potion of berserk rage {unknown}
 x - a potion of beneficial mutation {unknown}
 z - a potion of haste {@q3}
Comestibles
 b - a meat ration
 c - 2 bread rations
 h - 4 chunks of flesh
 l - 2 beef jerkies
 p - 6 fruits


   Skills:
 - Level 0.6 Fighting
 + Level 7.0 Axes
 - Level 2.1 Dodging
 - Level 2.0 Stealth
 - Level 2.0 Spellcasting
 - Level 4.0 Poison Magic


You had 8 spell levels left.
You knew the following spells:

 Your Spells              Type           Power        Failure   Level  Hunger
a - Sting                 Conj/Pois      #...         100%        1    #......


Dungeon Overview and Level Annotations

Branches:
Dungeon (4/15)
 Temple: D:4-7

Altars:
Ashenzari
Fedhas
Ru


Innate Abilities, Weirdness & Mutations

You can fly.
You have a beak for a mouth.
You have claws for feet.


Message History

You peck the goliath beetle, but do no damage.
The goliath beetle is moderately wounded.
You hit the goliath beetle but do no damage.
You claw the goliath beetle, but do no damage.
Your peck misses the goliath beetle.
The goliath beetle is moderately wounded.
You hit the goliath beetle but do no damage.
You claw the goliath beetle, but do no damage.
The goliath beetle is moderately wounded.
You hit the goliath beetle but do no damage.
You peck the goliath beetle, but do no damage.
The goliath beetle is moderately wounded.
Your chain mail prevents you from hitting the goliath beetle.
Your kick misses the goliath beetle.
The goliath beetle is moderately wounded.
You hit the goliath beetle but do no damage.
The goliath beetle is moderately wounded.
The goliath beetle bites you!!
Ouch! That really hurt!
You die...

####.## #.#
#.#######.###'###..
.....# #.#
#..................
###.##
#.###########......)....
##...## #.....#
######....##
#....>########.#
#########.##..##
.............#)#
#........#####.#
#.....######.#.#
#.#######.###.## ##...##
#.#.###.######...#....
##.##
#...B@.........##..###
#.#
###.####.########..###
#.# #.# #.# #...>.....(
#.# #.# #.###.####..##.
#.# #.# #...(.# #..##.
#.# #.# #####.# #..##.
#.# #.# #.# #..##. #.#
#.# #.# #.###. #.# #.#
#)# #.# #.


You could see a goliath beetle.

Vanquished Creatures
  Grinder (D:3)
  2 orc wizards (D:3)
  2 adders
  2 giant mites (D:2)
  2 worms
  3 giant geckos
  2 oozes (D:3)
  6 orcs (D:3)
  11 bats
  4 giant cockroaches
  9 goblins
  4 hobgoblins
  9 jackals
  3 ball pythons (D:2)
  A giant newt (D:1)
  8 kobolds
  3 rats
72 creatures vanquished.

Notes
Turn   | Place    | Note
--------------------------------------------------------------
     0 | D:1      | mauris, the Tengu Venom Mage, began the quest for the Orb.
     0 | D:1      | Reached XP level 1. HP: 10/10 MP: 3/3
   217 | D:1      | Huge Dmg: 3 dmg
   217 | D:1      | Reached skill level 1 in Axes
   377 | D:1      | Reached XP level 2. HP: 16/16 MP: 5/5
   447 | D:1      | Huge Dmg: 4 dmg
   801 | D:1      | Reached XP level 3. HP: 15/20 MP: 7/7
  1517 | D:2      | Reached XP level 4. HP: 21/24 MP: 8/8
  1865 | D:3      | Found a blossoming altar of Fedhas.
  1865 | D:3      | Found a sacrificial altar of Ru.
  2094 | D:3      | Reached XP level 5. HP: 26/28 MP: 11/11
  2140 | D:3      | Found a shattered altar of Ashenzari.
  2198 | D:3      | Reached skill level 5 in Axes
  2344 | D:3      | Noticed Grinder
  2345 | D:3      | Paralysed by Grinder for 6 turns
  2351 | D:3      | Huge Dmg: 9 dmg
  2354 | D:3      | Huge Dmg: 9 dmg
  2355 | D:3      | Huge Dmg: 10 dmg
  2357 | D:3      | Huge Dmg: 10 dmg
  2360 | D:3      | Huge Dmg: 9 dmg
  2362 | D:3      | Huge Dmg: 10 dmg
  2366 | D:3      | Killed Grinder
  2366 | D:3      | Reached skill level 6 in Axes
  2366 | D:3      | Reached XP level 6. HP: 30/33 MP: 12/12
  2607 | D:3      | Reached skill level 7 in Axes
  2775 | D:3      | Huge Dmg: 14 dmg
  2800 | D:3      | Slain by a goliath beetle

Action                   |  1- 3 |  4- 6 || total
-------------------------+-------+-------++-------
Melee: Hand axe          |   111 |   166 ||   277
       Unarmed           |     3 |       ||     3
 Cast: Sting             |     1 |       ||     1
  Use: Scroll            |       |     9 ||     9
       Potion            |       |     6 ||     6
  Eat: Chunk             |     2 |     4 ||     6

Vault maps used:
D:1:      minmay_arrival_diagonal_passages, minivault_4, due_unseen_surprise
D:3:      grunt_temple_overflow_open, lemuel_doored_altar, uniq_grinder
D:4:      erik_ogre, okawaru_ov_weapons_minmay, kennysheep_mini_moat,
          minmay_crystal_room
